 Dungeon Crawl Stone Soup version 0.23.0-3-gf3c87f2 (webtiles) character file.

Game seed: 14055605048343850701

238 Lanoc the Skirmisher (level 5, 0/38 HPs)
             Began as a Demonspawn Chaos Knight on Feb 23, 2019.
             Was a Plaything of Xom.
             Succumbed to a gnoll's poison
             ... on level 3 of the Dungeon.
             The game lasted 00:05:30 (1927 turns).

Lanoc the Skirmisher (Demonspawn Chaos Knight)      Turns: 1927, Time: 00:05:30

Health: 0/38       AC:  7    Str: 10 (13) XL:     5   Next: 78%
Magic:  5/5        EV: 12    Int: 13 (14) God:    Xom [..*...]
Gold:   116        SH:  0    Dex: 11 (12) Spells: 4/4 levels left

rFire    . . .     SeeInvis .   a - +0 falchion (chaos)
rCold    . . .     Gourm    .   (no shield)
rNeg     . . .     Faith    +   b - +3 leather armour
rPois    .         Spirit   .   (helmet restricted)
rElec    .         Reflect  .   j - +0 cloak
rCorr    +         Harm     .   (no gloves)
MR       .....                  (no boots)
Stlth    +.........             d - amulet of faith
HPRegen  0.12/turn              f - ring of resist corrosion
MPRegen  0.09/turn              (no ring)

@: lethally poisoned (0 -> -2)
A: horns 1, talons 1, blink, deterioration 1, frail 1, powered by death 1,
powered by pain 2, wild magic 1, no potion heal 1
a: Blink, Renounce Religion


You were on level 3 of the Dungeon.
You worshipped Xom.
You were a toy of Xom.
You were hungry.

You visited 1 branch of the dungeon, and saw 3 of its levels.

You collected 116 gold pieces.

Inventory:

Hand Weapons
 a - a +0 falchion of chaos (weapon)
Armour
 b - a +3 leather armour (worn)
 j - a +0 cloak (worn)
Jewellery
 d - an amulet of faith (around neck)
 f - a ring of resist corrosion (left hand)
Scrolls
 e - a scroll of teleportation
 g - 2 scrolls of identify
 h - 2 scrolls of enchant armour
 l - a scroll of remove curse
 m - a scroll of magic mapping
 n - a scroll of enchant weapon
Comestibles
 c - 2 rations
 k - 2 chunks of flesh


   Skills:
 + Level 4.4 Fighting
 - Level 2.6 Long Blades
 + Level 3.5 Armour
 + Level 3.0 Dodging


You had 4 spell levels left.
You didn't know any spells.
Your spell library was empty.

Dungeon Overview and Level Annotations

Branches:
Dungeon (3/15)

Altars:


Innate Abilities, Weirdness & Mutations

You regenerate a little health from kills.
You sometimes gain power by taking damage.
You have a pair of small horns on your head.
You have sharp toenails.
You can translocate small distances at will.
Your body sometimes deteriorates upon taking damage.
You are frail. (-10% HP)
Your spells are a little harder to cast, but a little more powerful.
Potions are less effective at restoring your health.


Message History

You hit the adder. Your kick misses the adder.
The adder is severely wounded.
You feel sick. The adder bites you but does no damage. The adder misses you.
You hit the adder. You burn the adder. Your kick misses the adder.
The adder is almost dead.
The adder closely misses you.
You barely miss the adder.
The adder is almost dead.
You feel sick. The adder misses you. The adder barely misses you.
You barely miss the adder.
The adder is almost dead.
The adder bites you.
* * * LOW HITPOINT WARNING * * *
You hit the adder. You freeze the adder.
You kill the adder!
A bat comes into view.
Found a dagger.
You barely miss the bat.
You die...
Xom roars with laughter!

*,,,,,* *,***,* *,***,*
*,*,,,* ####*************
*,*,***###..,,,,,,,,,,,,,,
*,*,,,,,...#**************
***+*,,##*#..######*********
*,,..,,#.##.>...)..,,,,,,,,,
*,,....#..†@b####***********
*,,.............#
*,,.......(.....#
*,,.#...........# *****
*,,,###.........# *,,,,
***,............#***** *,,,,
**#####....(....,,,* *,,,,
#..........,,* *,,,,
***#..........,,* *,,,,


You could see a bat.

Vanquished Creatures
  3 orc wizards (D:3)
  Crazy Yiuf (D:2)
  2 gnolls (D:3)
  2 adders
  2 worms (D:2)
  A dart slug (D:1)
  2 leopard geckos
  7 orcs (D:3)
  8 giant cockroaches
  6 goblins
  10 hobgoblins
  8 kobolds
  A quokka (D:2)
  10 bats
  4 frilled lizards (D:1)
  8 rats
75 creatures vanquished.

Notes
Turn   | Place    | Note
-------+----------+-------------------------------------------
     0 | D:1      | Lanoc the Demonspawn Chaos Knight began the quest for the
                  | Orb.
     0 | D:1      | Reached XP level 1. HP: 18/18 MP: 1/1
     7 | D:1      | XOM: potion effect (invisibility)
    12 | D:1      | Reached skill level 1 in Dodging
    47 | D:1      | Gained mutation: You regenerate a little health from kills.
                  | [demonic ancestry]
    47 | D:1      | Reached XP level 2. HP: 24/24 MP: 2/2
   150 | D:1      | XOM: harmless Hex miscast
   288 | D:1      | Reached XP level 3. HP: 29/29 MP: 3/3
   668 | D:2      | XOM: 7-stop teleportation journey
   974 | D:2      | XOM: god gift: 24 gold pieces
   979 | D:2      | XOM: smoke on damage
   997 | D:2      | Gained mutation: You sometimes gain a little power by
                  | taking damage. [demonic ancestry]
   997 | D:2      | Reached XP level 4. HP: 37/37 MP: 4/4
  1063 | D:2      | XOM: harmless Hex miscast
  1114 | D:2      | XOM: medium Fire miscast
  1169 | D:2      | Found a runed translucent door.
  1170 | D:2      | Noticed Crazy Yiuf
  1464 | D:2      | XOM: smoke on damage
  1466 | D:2      | Gained mutation: You are frail. (-10% HP) [potion of
                  | mutation]
  1466 | D:2      | Gained mutation: Your spells are a little harder to cast,
                  | but a little more powerful. [potion of mutation]
  1466 | D:2      | Gained mutation: You have sharp toenails. [potion of
                  | mutation]
  1466 | D:2      | Gained mutation: You have a pair of small horns on your
                  | head. [potion of mutation]
  1469 | D:2      | XOM: summons 1 hostile shadow creature
  1470 | D:2      | Killed Crazy Yiuf
  1648 | D:3      | Reached skill level 4 in Fighting
  1649 | D:3      | Gained mutation: You sometimes gain power by taking damage.
                  | [demonic ancestry]
  1649 | D:3      | Reached XP level 5. HP: 37/37 MP: 5/5
  1911 | D:3      | XOM: harmless Summ miscast
  1914 | D:3      | XOM: give mutations
  1914 | D:3      | Gained mutation: You can translocate small distances at
                  | will. [Xom's mischief]
  1914 | D:3      | Gained mutation: Potions are less effective at restoring
                  | your health. [Xom's mischief]
  1914 | D:3      | Gained mutation: Your body sometimes deteriorates upon
                  | taking damage. [Xom's mischief]
  1924 | D:3      | HP: 1/38 [adder (4)]
  1927 | D:3      | Succumbed to a gnoll's poison

Skill      XL: |  1  2  3  4  5 |
---------------+----------------+-----
Dodging        | 1 2 3 |  3.0
Armour         | 2 3 |  3.5
Fighting       | 4 |  4.4
Long Blades    | |  2.6

Action                   |  1- 3 |  4- 6 || total
-------------------------+-------+-------++-------
Melee: Falchion          |   112 |    74 ||   186
       Kick              |       |    19 ||    19
       Headbutt          |       |    11 ||    11
  Use: Potion            |       |     4 ||     4
       Scroll            |       |     6 ||     6
 Stab: Invisible         |     2 |       ||     2
       Confused          |     1 |       ||     1
       Sleeping          |     1 |       ||     1
       Paralysed         |       |     2 ||     2
  Eat: Chunk             |     1 |     2 ||     3
Armor: Leather armour    |    50 |    23 ||    73
Dodge: Dodged            |   108 |    36 ||   144
       Rpst.: Falchion   |    34 |    16 ||    50
